 Dungeon Crawl Stone Soup version 0.27-a0-1154-gfdeffcb720 (webtiles) character file.

Game seed: 16197580226508516291

1153 polve the Agent of Entropy (level 8, 0/58 (60) HPs)
             Began as a Demonspawn Abyssal Knight on May 14, 2021.
             Was a Priest of Lugonu.
             Slain by a killer bee (1 damage)
             ... on level 8 of the Dungeon.
             The game lasted 00:06:39 (6556 turns).

polve the Agent of Entropy (DsAK)                   Turns: 6556, Time: 00:06:39

HP:   0/58 (60)     AC: 18    Str: 15      XL:     8   Next: 16%
MP:   13/14         EV:  5    Int: 13 (14) God:    Lugonu [***...]
Gold: 215           SH:  0    Dex: 17 (18) Spells: 7/7 levels left

rFire    . . .     SeeInvis .   a - +2 short sword (venom)
rCold    . . .     Faith    .   (no shield)
rNeg     . . .     Spirit   .   u - +0 plate armour
rPois    +         Reflect  .   (helmet restricted)
rElec    .         Harm     .   h - +0 cloak
rCorr    .         Rampage  .   (no gloves)
Will     .....                  (no boots)
Stlth    ..........             (no amulet)
HPRegen  0.19/turn              e - +6 ring of dexterity
MPRegen  0.14/turn              s - ring of poison resistance

@: sanguine armoured, lightly drained
A: horns 2, sanguine armour 1, demonic magic 1
a: Renounce Religion, Depart the Abyss, Bend Space, Banish


You were on level 8 of the Dungeon.
You worshipped Lugonu.
Lugonu was most pleased with you.
You visited 1 branch of the dungeon, and saw 7 of its levels.
You visited the Abyss 1 time.

You collected 215 gold pieces.

Inventory:

Hand Weapons
 a - a +2 short sword of venom (weapon)
 q - a +0 rapier
Missiles
 k - 3 throwing nets
Armour
 h - a +0 cloak (worn)
 u - a +0 plate armour (worn)
Jewellery
 d - a +6 ring of strength
 e - a +6 ring of dexterity (left hand)
 s - a ring of poison resistance (right hand)
Scrolls
 f - a scroll of silence
 i - a scroll of blinking
 m - a scroll of enchant weapon
 n - a scroll of summoning {unknown}
 r - a scroll of identify {unknown}
Potions
 b - a potion of lignification
 c - 2 potions of attraction
 g - a potion of might
 j - 2 potions of curing
 l - a potion of haste
 o - a potion of heal wounds


   Skills:
 + Level 4.1 Fighting
 - Level 4.0 Short Blades
 - Level 4.0 Armour
 - Level 4.0 Dodging
 - Level 8.0 Invocations


You had 7 spell levels left.
You didn't know any spells.
Your spell library contained the following spells:

 Spells                   Type           Power      Damage    Failure   Level
 Magic Dart               Conj           0%         1d3       100%        1
 Blink                    Tloc           N/A        N/A       100%        2
 Call Imp                 Summ           0%         N/A       100%        2
 Slow                     Hex            0%         N/A       100%        2
 Conjure Flame            Conj/Fire      0%         6-21      100%        3
 Mephitic Cloud           Conj/Pois/Air  0%         N/A       100%        3


Dungeon Overview and Level Annotations

Branches:
Dungeon (6/15)             Temple (0/1) D:4

Altars:
Dithmenos
Gozag
Nemelex Xobeh
Wu Jian

Shops:
D:1 *


Innate Abilities, Weirdness & Mutations

You have a pair of horns on your head.
When seriously injured, your bleeding wounds create armour. (AC +6)
Spells you cast may paralyse adjacent enemies.


Message History

The bullfrog hits you but does no damage.
The killer bee stings you but does no damage.
You feel sick. The killer bee closely misses you.
The killer bee stings you but does no damage.
The killer bee completely misses you.
The killer bee stings you but does no damage.
You feel sick.
The killer bee stings you but does no damage.
You feel sick.
The killer bee stings you but does no damage. x2
You feel sick.
You are no longer poisoned.
The killer bee stings you but does no damage.
The killer bee stings you but does no damage.
The killer bee stings you.
* * * LOW HITPOINT WARNING * * *
The killer bee stings you.
* * * LOW HITPOINT WARNING * * *
The killer bee stings you.
* * * LOW HITPOINT WARNING * * *
You are poisoned.
The killer bee poisons you! The killer bee barely misses you.
You feel better. The killer bee completely misses you.
The killer bee stings you but does no damage.
The killer bee barely misses you.
The killer bee stings you but does no damage. x3
Space bends around you!
You blink.
Found a stone staircase leading down.
The killer bee stings you but does no damage. x3
The killer bee stings you.
* * * LOW HITPOINT WARNING * * *
Your plate armour prevents you from hitting the bullfrog.
The killer bee stings you.
* * * LOW HITPOINT WARNING * * *
The killer bee barely misses you.
The killer bee stings you but does no damage.
The bullfrog hits you but does no damage.
The killer bee stings you but does no damage.
The killer bee stings you.
You die...

#..# #...### .........#.
#...>.## ..........#
.......#
.........####......# ..
#......[##.#.....# ...
#.....<..Fy.....#
.....##.......y.@..$..##
...#......##.J.yy......#
...###...#......##....##
...........O..#.# #...#
.........Y###.#. ..##
..........# #### ##
....?....## ##
........J####.#
..........##..##


You could see a two-headed ogre, an ice beast, a bullfrog, a jelly and 4 killer
bees.

Vanquished Creatures
  Eustachio (D:5)
  2 ogres
  A centaur (D:8)
  A bullfrog (D:5)
  2 scorpions
  A killer bee (D:8)
  4 wights (D:6)
  An orc priest (D:3)
  A centaur skeleton (D:4)
  2 jellies (D:5)
  An iguana (D:5)
  Natasha (thrice) (D:2)
  6 adders
  An adder skeleton (D:5)
  2 worms
  4 dart slugs
  5 orcs (D:3)
  6 ball pythons
  4 bats
  6 endoplasms
  A giant cockroach (D:3)
  6 goblins
  6 hobgoblins
  15 jackals
  5 quokkas
  A frilled lizard (D:1)
  6 kobolds
  A quokka skeleton (D:4)
  5 rats
100 creatures vanquished.

Vanquished Creatures (others)
  11 fungi
  A plant (D:1)
12 creatures vanquished.

Grand Total: 112 creatures vanquished

Notes
Turn   | Place    | Note
-------+----------+-------------------------------------------
     0 | Abyss:1  | polve the Demonspawn Abyssal Knight began the quest for the
                  | Orb.
     0 | Abyss:1  | Reached XP level 1. HP: 18/18 MP: 2/2
    40 | Abyss:1  | Found a corrupted altar of Lugonu.
    54 | Abyss:1  | Noticed a raiju
    62 | Abyss:1  | Noticed a large abomination
    82 | Abyss:1  | Noticed a small abomination
    85 | Abyss:1  | Noticed a sixfirhy
    87 | D:1      | Escaped the Abyss
   581 | D:1      | Gained mutation: When seriously injured, your bleeding
                  | wounds create armour. (AC +6) [demonic ancestry]
   581 | D:1      | Reached XP level 2. HP: 19/24 MP: 3/3
   945 | D:1      | Found Tecyikkell's Assorted Antiques.
   949 | D:1      | Reached * piety under Lugonu
  1340 | D:2      | Reached XP level 3. HP: 28/29 MP: 4/4
  1440 | D:2      | Found a faded altar of an unknown god.
  1602 | D:2      | Noticed Natasha
  1610 | D:2      | Killed Natasha
  1611 | D:2      | Reached XP level 4. HP: 30/35 MP: 5/5
  1618 | D:2      | Reached skill level 1 in Dodging
  1622 | D:2      | Reached ** piety under Lugonu
  1795 | D:2      | Noticed Natasha
  1805 | D:2      | Killed Natasha
  2419 | D:2      | Noticed Natasha
  2429 | D:2      | Killed Natasha
  2430 | D:2      | Reached XP level 5. HP: 35/41 MP: 6/6
  2924 | D:3      | Found an ornate altar of the Wu Jian Council.
  2997 | D:3      | Found a sparkling altar of Nemelex Xobeh.
  3119 | D:3      | Found a shadowy altar of Dithmenos.
  3126 | D:3      | Found an opulent altar of Gozag.
  3889 | D:4      | Gained mutation: You have a pair of small horns on your
                  | head. [demonic ancestry]
  3889 | D:4      | Reached XP level 6. HP: 47/48 MP: 7/7
  3974 | D:4      | Found a staircase to the Ecumenical Temple.
  4555 | D:5      | Entered Level 5 of the Dungeon
  4812 | D:5      | Gained mutation: You have a pair of horns on your head.
                  | [demonic ancestry]
  4812 | D:5      | Reached XP level 7. HP: 54/54 MP: 8/8
  4822 | D:5      | Noticed Eustachio
  4864 | D:5      | Killed Eustachio
  4864 | D:5      | Reached *** piety under Lugonu
  4865 | D:5      | Reached skill level 3 in Invocations
  4958 | D:5      | Reached skill level 4 in Invocations
  4991 | D:5      | Reached skill level 5 in Invocations
  5370 | D:6      | Reached skill level 6 in Invocations
  5745 | D:6      | Reached skill level 7 in Invocations
  6342 | D:6      | Gained mutation: Spells you cast may paralyse adjacent
                  | enemies. [demonic ancestry]
  6342 | D:6      | Reached XP level 8. HP: 35/53 MP: 13/13
  6464 | D:6      | You fall into a shaft and drop 2 floors!
  6522 | D:8      | Noticed a two-headed ogre
  6525 | D:8      | Reached skill level 8 in Invocations
  6556 | D:8      | HP: 1/58 [killer bee (6)]
  6556 | D:8      | Slain by a killer bee

Illustrated notes

Levels and vault maps discovered:
D:1:      evilmike_arrival_crescent, layout_basic, serial_shops,
          nicolae_shop_overgrown_old_shop, serial_forest,
          infiniplex_forest_lined_corner, infiniplex_forest_clump_small,
          infiniplex_forest_zigzag_2, infiniplex_forest_clump_C,
          infiniplex_forest_zigzag_1, infiniplex_forest_end_double,
          infiniplex_forest_diagonal, minmay_misc_feat_roman
D:2:      layout_basic, chequers_ecumenical_altar_simple, uniq_natasha
D:3:      layout_basic, overflow_temple_1_default, nemelex_diamond_rough_becter,
          minitemple
D:4:      layout_loops_cross, minmay_temple_entry_hall
D:5:      layout_loops_ring, uniq_eustachio
D:6:      layout_loops_cross, serial_aquarium, aquarium_bridge_straight
          [aquarium_subvault_bridge, aquarium_subvault_wall,
          aquarium_subvault_bridge, aquarium_subvault_wall],
          aquarium_bridge_straight [aquarium_subvault_bridge,
          aquarium_subvault_balcony, aquarium_subvault_bridge,
          aquarium_subvault_balcony], aquarium_window_corridor_3,
          aquarium_window_1, aquarium_view_2f, aquarium_balcony_3a,
          aquarium_pool_1, nicolae_elemental_shop
D:8:      layout_cave_pools, fungi_pond_lemuel, chequers_garden,
          grunt_ministairs_2, kennysheep_doodads, uniq_grum

Skill      XL: |  1  2  3  4  5  6  7  8 |
---------------+-------------------------+-----
Short Blades   | 2 3 4 |  4.0
Dodging        | 1 2 3 4 |  4.0
Armour         | 2 3 4 |  4.0
Fighting       | 4 |  4.1
Invocations    | 7 8 |  8.0

Action                   |  1- 3 |  4- 6 |  7- 9 || total
-------------------------+-------+-------+-------++-------
Melee: Short sword       |   111 |   162 |    96 ||   369
       Headbutt          |       |    10 |    30 ||    40
Invok: Depart the Abyss  |     1 |       |       ||     1
       Bend Space        |       |       |     9 ||     9
  Use: Potion            |     2 |       |    15 ||    17
       Scroll            |     1 |     5 |     1 ||     7
Armor: Leather armour    |     6 |       |       ||     6
       Ring mail         |    49 |    43 |       ||    92
       Plate armour      |       |    18 |   131 ||   149
Dodge: Dodged            |    65 |    76 |    54 ||   195

Table legend: (Time is in decaauts)
 A = Elapsed time spent in this place.
 B = Non-inter-level travel time spent in this place.
 C = Inter-level travel time spent in this place.
 D = Time resting spent in this place.
 E = Time spent auto-exploring this place.
 F = Levels seen in this place.
 G = Mean time per level.
                   A        B        C        D        E       F      G
               +--------+--------+--------+--------+--------+-----+--------+
         Total |   6531 |   6257 |    274 |     13 |   5307 |   8 |  816.4 |
       Dungeon |   6444 |   6170 |    274 |     13 |   5254 |   7 |  920.6 |
         Abyss |     87 |     87 |      0 |      0 |     53 |   1 |   87.0 |
               +--------+--------+--------+--------+--------+-----+--------+

Top non-repeatable levels by time:
     D:3: 1279 daAuts
     D:5: 1272 daAuts
     D:1: 1238 daAuts
     D:2: 1176 daAuts
     D:4: 753 daAuts
     D:6: 633 daAuts
     D:8: 90 daAuts
 Abyss:1: 87 daAuts
